AoeStats
← Sylar

Black Forest

516317695Analyzed
3v3 RM · 12d ago on Oct 25, 2026· 51m 24s· 6 players
Game mode
Random Map
Map size
Normal (6 player)
Population
200
Speed
Normal
Resources
Standard
Victory
Conquest
Starting age
Dark Age
Ending age
Imperial Age
RankedLock teamsTeams togetherTeam positionsShared explorationLock speedFull tech treeHidden civsTurbo modeCheats
Victory
Defeat
🇺🇸 Khmer · United States
808
+15
🇹🇷 Romans · Türkiye
761
+17
🇪🇸 Turks · Spain
718
+20
vs
🇫🇷 Franks · France
805
-18
🇫🇷 Khmer · France
790
-17
🇫🇷 Bohemians · France
781
-17
BlackandRed7527
0:33 Loom
14:23 Feudal Age
14:52 Man-at-Arms
21:03 Double-Bit Axe
28:27 Horse Collar
37:10 Castle Age
39:29 Pikeman
40:10 Squires
41:11 Heavy Plow
42:37 Wheelbarrow
41:48 Town Watch
42:07 Caravan
42:38 Coinage
42:26 Bow Saw
45:54 Stone Mining
46:01 Gold Mining
50:36 Husbandry
OneMore132688
0:49 Loom
13:02 Feudal Age
13:36 Double-Bit Axe
17:23 Gold Mining
18:27 Horse Collar
23:52 Castle Age
23:02 Stone Mining
25:26 Stone Shaft Mining
25:05 Bow Saw
24:57 Heavy Plow
26:53 Gold Shaft Mining
28:36 Pikeman
30:04 Arson
32:26 Wheelbarrow
37:11 Imperial Age
35:22 Wheelbarrow
36:54 Hand Cart
38:37 Conscription
38:20 Double Crossbow
37:41 Elite Ballista Elephant
39:34 Crop Rotation
39:55 Tusk Swords
40:59 Heavy Scorpion
41:10 Elite Battle Elephant
44:50 Chemistry
44:02 Forging
47:28 Capped Ram
PerkyCake117159
0:35 Loom
20:11 Feudal Age
29:56 Castle Age
31:05 Horse Collar
39:06 Wheelbarrow
39:07 Gold Mining
41:16 Hand Cart
43:41 Imperial Age
43:37 Stone Mining
44:23 Gold Shaft Mining
45:16 Conscription
CrêpeCaramel
3:53 Loom
10:41 Feudal Age
11:31 Double-Bit Axe
13:47 Horse Collar
18:21 Castle Age
17:34 Wheelbarrow
18:58 Forging
21:38 Iron Casting
20:44 Man-at-Arms
21:48 Long Swordsman
23:06 Heavy Plow
26:37 Bow Saw
26:47 Pikeman
35:01 Imperial Age
34:30 Scale Barding Armor
34:17 Fletching
34:43 Stone Mining
34:44 Gold Mining
35:59 Hand Cart
35:30 Town Watch
36:40 Crop Rotation
37:27 Caravan
37:46 Fortified Wall
37:48 Husbandry
37:58 Bloodlines
37:10 Elite Battle Elephant
39:00 Double Crossbow
40:59 Blast Furnace
40:24 Chain Barding Armor
40:05 Scale Mail Armor
40:31 Ballistics
40:47 Tusk Swords
41:25 Hoardings
40:18 Capped Ram
43:44 Chemistry
42:40 Murder Holes
42:56 Masonry
42:31 Elite Ballista Elephant
44:34 Bodkin Arrow
44:40 Padded Archer Armor
44:55 Chain Mail Armor
45:15 Plate Barding Armor
44:05 Light Cavalry
45:40 Conscription
46:22 Onager
47:34 Bracer
47:50 Leather Archer Armor
47:39 Town Patrol
47:36 Siege Ram
50:06 Hussar
Sylar
0:38 Loom
13:30 Feudal Age
19:24 Double-Bit Axe
26:20 Castle Age
26:53 Castle Age
25:59 Padded Archer Armor
25:49 Fletching
30:20 Town Watch
42:33 Wheelbarrow
51:11 Imperial Age
50:31 Gold Mining
Nomisteak
13:58 Feudal Age
15:30 Double-Bit Axe
16:19 Man-at-Arms
19:20 Arson
22:13 Horse Collar
22:39 Scale Mail Armor
25:39 Wheelbarrow
26:30 Forging
30:31 Castle Age
32:01 Long Swordsman
34:12 Iron Casting
33:54 Chain Mail Armor
37:32 Imperial Age
36:23 Loom
36:26 Town Watch
37:29 Bow Saw
38:02 Murder Holes
40:02 Chemistry
39:49 Conscription
39:37 Caravan
40:43 Masonry
42:48 Wagenburg Tactics
47:08 Hand Cart
Connection lost

Rejoining the realm…

Still unreachable

The connection could not be restored.

Session expired

The server has moved on; the page needs a fresh start.